[Event "Israeli Team-ch 2023"]
[Site "Petah Tikva"]
[Date "2023.01.13"]
[Round "2.1"]
[White "Abergel, Thal"]
[Black "Nabaty, Tamir"]
[Result "0-1"]
[ECO "D27"]
[WhiteElo "2392"]
[BlackElo "2632"]
[Annotator "TA"]
[PlyCount "140"]
[EventDate "2023.01.13"]
[EventCountry "ISR"]
[SourceTitle "playchess.com"]
[Source "ChessBase"]
[SourceQuality "1"]
[TimeControl "40/5400+30:1800+30"]

1. Nf3 d5 2. e3 Nf6 3. c4 e6 4. Nc3 dxc4 5. Bxc4 a6 6. d4 b5 7. Bd3 Bb7 8. Qe2 Nbd7 9. O-O c5 10. dxc5 Nxc5 11. Bc2 Be7 12. a3 {[%emt 0:05:29] D27: Queen's Gambit Accepted: Classical main line: 7 e4!? and 7 a4.} O-O 13. e4 Qc7 14. Bg5 {[%emt 0:01:12] [#] The position is equal.} Rfd8 $146 ({Predecessor:} 14... h6 15. Bh4 Nh5 16. Bxe7 Qxe7 17. Qe3 Nf6 18. Rfd1 Rfc8 19. Nd4 Ncd7 {½-½ Hellsten,J (2570)-Berg,E (2589) SWE-ch Gothenburg 2006 (2)}) 15. Rac1 Rac8 16. b4 Ncd7 17. Bb1 {[%emt 0:05:55][%cal Oc3d5] Black must now prevent Nd5!} Qb8 $1 18. Bh4 Bd6 19. Rfd1 h6 (19... Nb6 $5) 20. Bg3 Bxg3 21. hxg3 Nb6 (21... Rc7 $5 ) 22. e5 Nfd7 (22... Rxd1+ $6 23. Rxd1 Ng4 24. Ne4 Nxe5 25. Nd6 Nxf3+ 26. gxf3 $15) 23. Be4 Bxe4 $1 24. Qxe4 Nc4 25. a4 (25. Na4 $17) 25... Nb2 $1 $19 ({Stronger than} 25... Ncxe5 26. axb5 axb5 27. Qe2 $17) (25... Ndxe5 26. axb5 axb5 27. Nxe5 Nxe5 28. Rxd8+ Rxd8 29. Re1 $17) 26. Rd6 Nxa4 27. Ne2 Ndb6 (27... Rxc1+ $19 28. Nxc1 Ndb6 29. Rxd8+ Qxd8) 28. Rxc8 $17 Qxc8 29. Ned4 Rxd6 30. exd6 Qd7 31. Qc6 {[%emt 0:00:37] Prevents Nd5.} Qxc6 32. Nxc6 {[%emt 0:00:02][%mdl 4096] Endgame Nfe5 would be deadly. KNN-KNN} Nd7 33. Nfd4 (33. Kf1 $17) 33... Kf8 $19 34. Nb3 e5 ({Black should play} 34... Nab6 {Hoping for ...Nc4.} 35. Kf1 Ke8) 35. Nba5 Nc3 36. Kf1 Ne4 (36... h5 $17 37. Nb7 Ke8) 37. Nb7 $11 f5 38. Ke1 (38. f3 $1 $11 {keeps the balance.} Nxg3+ 39. Kf2) 38... Ke8 $17 39. f3 Nxg3 40. Nc5 f4 (40... a5 $1 $17 {[%cal Ra5b4] Threatens to win with ...axb4.} 41. Nxd7 Kxd7 42. Nxe5+ Kxd6 43. bxa5 Nh5) 41. Nxa6 $11 Nf5 (41... e4 $5 ) 42. Nc7+ Kf7 43. Nd8+ $1 Kf6 44. Nxb5 Ne3 45. Nc7 (45. Ke2 $11) 45... Nxg2+ $17 46. Kf2 Ne3 47. Nb7 Nc4 48. Nc5 Ncb6 49. Ne4+ Kf5 50. Ne8 {[%emt 0:00:00] [#]} Kg6 51. Nc7 Kf7 {[%emt 0:00:00] Repels Ne6} 52. Kg2 Nf6 53. Nc5 g5 54. b5 $2 {[%emt 0:00:27] Now White is beyond hope.} (54. N7e6 $17) 54... h5 $19 55. Nd3 {[%emt 0:00:57] [#]} (55. N7a6 {was worth a try.} Nbd7 56. Kf2) 55... Nfd7 $1 56. Nf2 Nc4 57. Ne4 g4 58. Nd5 (58. Na6 $142) 58... Ke6 59. Nc7+ Kf5 60. Ne8 h4 {[%emt 0:02:28][%cal Bh5h4,Bh4h3][%mdl 32] Strongly threatening ...h3+.} 61. Ng7+ Kg6 62. Ne6 h3+ {[%emt 0:01:12][%mdl 64] Deflection} 63. Kh2 gxf3 {[%emt 0:00:45] ...Kf5 is the strong threat.} 64. Nf2 Nxd6 {[%emt 0:00:40] aiming for ...Kf5.} 65. Nxh3 Kf5 ({Not} 65... Nxb5 66. Nexf4+ Kf5 67. Kg3 $19) 66. Ng7+ Ke4 67. Kg1 Ke3 68. Nf2 Ke2 69. Ne6 Nxb5 {[%emt 0:00:21] ( -> ...Nc3)} 70. Ng5 Nf6 {[%emt 0:00:23] Weighted Error Value: White=0.29 (precise) /Black=0.13 (very precise)} (70... Nc3 $142 71. Nf7 e4 72. Nh3 Nd5 73. Nfg5 Nc5 74. Kh2 f2 75. Nxf2 {[%mdl 64] Decoy} Kxf2 76. Nh3+ Kf1 77. Ng5 e3 78. Kh3 e2 79. Nf3 Nf6 80. Nh2+ Kf2 81. Ng4+ Nxg4 82. Kxg4 e1=Q 83. Kg5 Qe6 84. Kxf4 Kg2 85. Kg5 Kf3 86. Kh5 Kf4 87. Kh4 Qh6#) 0-1

[Event "Israeli Team-ch 2023"]
[Site "Petah Tikva"]
[Date "2023.01.13"]
[Round "2.2"]
[White "Roiz, Michael"]
[Black "Yaniv, Yuval"]
[Result "1-0"]
[ECO "D36"]
[WhiteElo "2577"]
[BlackElo "2366"]
[Annotator "TA"]
[PlyCount "73"]
[EventDate "2023.01.13"]
[EventCountry "ISR"]
[SourceTitle "playchess.com"]
[Source "ChessBase"]
[SourceQuality "1"]
[TimeControl "40/5400+30:1800+30"]

1. d4 d5 2. c4 e6 3. Nc3 Nf6 4. cxd5 exd5 5. Bg5 c6 6. e3 Be7 7. Bd3 Nbd7 8. h3 O-O 9. Bf4 Re8 10. Nf3 Nf8 11. Qc2 Ng6 12. Bh2 Bd6 13. Bxd6 Qxd6 14. O-O Qe7 15. Rab1 Ne4 16. b4 a6 17. a4 {[%emt 0:00:00] D36: Queen's Gambit Declined: Exchange Variation: Main line (5 Bg5 c6 6 Qc2).} Nh4 18. Bxe4 dxe4 19. Nxh4 {[%emt 0:00:00] White is slightly better.} Qxh4 20. Ne2 {[%emt 0:00:00] [#]} g5 $146 ({Black should try} 20... Qe7 $14) ({Predecessor:} 20... Bd7 21. Rfd1 Rac8 22. Qc5 Qd8 23. Rdc1 b6 24. Qc2 Be6 25. Nf4 Bd5 26. Nxd5 Qxd5 27. Qe2 Ra8 28. Qc4 Rec8 {1-0 Palozi,P (2209)-De Haro,M (2099) Curitiba-ch II IRT 2010 (5)}) 21. Qc5 Re6 22. Rfc1 Rg6 (22... Rh6 $16) 23. Qe7 $18 {[%emt 0:00:00][%cal Oe2f4] Nf4! is the strong threat.} Re6 $2 {[%emt 0:00:00] Black is weak on the dark squares} (23... Qh6 24. b5 (24. Qxe4 Re6 $16) 24... axb5) 24. Qd8+ {[%emt 0:00:00] White is clearly winning.} Kg7 25. Ng3 {[%emt 0:02:11] Nf5+ would kill now.} Rf6 {[%emt 0:00:00] Wards off Nf5+} 26. Rc5 Bxh3 27. Qxa8 Bxg2 28. Kxg2 Qg4 29. Rc2 (29. Qxb7 {leads to mate.} Qf3+ 30. Kh2 Qxf2+ 31. Kh3 Rh6+ 32. Kg4 Rh4+ 33. Kxg5 Qf6#) 29... h5 30. Qe8 Re6 31. Qb8 h4 {[%emt 0:00:12] [#]} 32. Kf1 $1 Rf6 {[%emt 0:01:51] [#]} 33. Ke1 $1 Qf3 {[%emt 0:00:22] [#]} (33... hxg3 34. Qxg3) 34. Kd2 $1 Qxf2+ (34... hxg3 35. Qxg3) 35. Ne2 g4 36. Qe5 Kf8 37. Qxe4 {[%emt 0:01:08] Black did not feel at home in the position after the opening.   Weighted Error Value: White=0.07 (flawless) /Black=0.50} 1-0

[Event "Israeli Team-ch 2023"]
[Site "Petah Tikva"]
[Date "2023.01.13"]
[Round "2.3"]
[White "Poleg, Matan"]
[Black "Mikhalevski, Victor"]
[Result "1/2-1/2"]
[ECO "B87"]
[WhiteElo "2272"]
[BlackElo "2516"]
[Annotator "TA"]
[PlyCount "93"]
[EventDate "2023.01.13"]
[EventCountry "ISR"]
[SourceTitle "playchess.com"]
[Source "ChessBase"]
[SourceQuality "1"]
[TimeControl "40/5400+30:1800+30"]

1. e4 c5 2. Nf3 d6 3. d4 cxd4 4. Nxd4 Nf6 5. Nc3 a6 6. Bc4 b5 7. Bb3 e6 8. Be3 Nbd7 {[%emt 0:02:08] B87: Sicilian Scheveningen/Najdorf: 6 Bc4, with early ...b5.} ({Black should try} 8... Be7 $11) 9. f3 {[%emt 0:01:47] White is more active.} (9. Bxe6 $1 $16 {[%cal Oe1g1] Black must now prevent 0-0!} Bb7 10. Bb3) 9... Nc5 $11 10. Qd2 Qc7 11. a3 {[%emt 0:03:30] [#]} Nxb3 $146 ({Predecessor:} 11... Be7 12. g4 Rb8 13. Ba2 Nfd7 14. Bg5 Bxg5 15. Qxg5 O-O 16. O-O-O b4 17. axb4 Rxb4 {0-1 Grover,S (2505)-Sethuraman,S (2625) Dubai op 22nd 2022 (7)}) 12. cxb3 Qb7 13. O-O-O (13. b4 $14) 13... Be7 14. Kb1 O-O 15. g4 Rd8 (15... Bd7 $5) 16. g5 Nh5 17. Nde2 b4 18. axb4 Rb8 19. Ng3 g6 (19... Nxg3 $2 20. hxg3 Bd7 21. Qh2 $18) 20. f4 Qxb4 21. Nxh5 gxh5 22. Rhf1 Qxb3 23. f5 exf5 ({Better is} 23... Bd7 $17 {...Rb4 is the strong threat.} 24. Qc2 Qa3) 24. exf5 (24. Nd5 $5 Rb7 25. exf5 $11) 24... d5 25. Bd4 $1 Ba3 (25... Bb4 $5 ) 26. Na2 {[%emt 0:00:35] Dancing on a razor blade.} a5 $2 27. g6 $1 $18 Ba6 (27... fxg6 $2 28. fxg6 $18) (27... Bxf5+ {was worth a try.} 28. Rxf5 fxg6) 28. Nc1 $2 (28. Rg1 $18 {White wants to mate with Qh6.} hxg6 29. Rg3 Qxb2+ 30. Bxb2 Rxb2+ 31. Qxb2 Bxb2 32. Kxb2) 28... Qxb2+ $16 29. Bxb2 Rxb2+ 30. Qxb2 Bxb2 {[%emt 0:00:04] This pair of bishops is nice.} 31. gxf7+ Kxf7 32. Kxb2 Bxf1 33. Rxf1 {[%emt 0:00:08][%mdl 4096] Endgame KRN-KR} Kf6 34. Nb3 Re8 35. Rf2 Re3 (35... Re5 $16 {was called for.} 36. Nxa5 Rxf5) 36. Nc5 $18 a4 $2 (36... Re7 37. Kc3 Ra7) 37. Nd7+ $1 Kf7 38. f6 $1 d4 39. Rg2 $2 (39. Rf5 $18 {is the precise move to win.}) 39... Ke6 $16 {[%emt 0:00:24] [#] Wards off Ne5} 40. Rf2 $2 Kf7 $1 $18 {[%emt 0:00:09] [#]} (40... Kxd7 $2 41. f7 Rb3+ 42. Kc1 $18) 41. Rf5 $1 Re8 42. Ne5+ $2 (42. Rxh5 $18 Kg6 43. Rh4 Re2+ 44. Ka3) 42... Ke6 $14 43. Rxh5 {[%emt 0:00:00] Threatens to win with f7.} Kxf6 44. Ng4+ Kg6 45. Rd5 Re2+ 46. Ka3 h5 47. Rxd4 {[%emt 0:00:00] An exciting game.   Weighted Error Value: White=0.50/Black=0.42} 1/2-1/2

[Event "Israeli Team-ch 2023"]
[Site "Petah Tikva"]
[Date "2023.01.13"]
[Round "2.4"]
[White "Postny, Evgeny"]
[Black "Tifferet, Shaked"]
[Result "1-0"]
[ECO "D27"]
[WhiteElo "2556"]
[BlackElo "2226"]
[Annotator "TA"]
[PlyCount "93"]
[EventDate "2023.01.13"]
[EventCountry "ISR"]
[SourceTitle "playchess.com"]
[Source "ChessBase"]
[SourceQuality "1"]
[TimeControl "40/5400+30:1800+30"]

1. d4 d5 2. c4 dxc4 3. Nf3 Nf6 4. e3 e6 5. Bxc4 c5 6. O-O a6 7. Re1 {[%emt 0:03:16] D27: Queen's Gambit Accepted: Classical main line: 7 e4!? and 7 a4.} b5 8. Bf1 Bb7 9. a4 {[%emt 0:01:10] The position is equal.} b4 10. Nbd2 Nc6 11. Nc4 {[%emt 0:04:19] [#]} Rc8 $146 (11... Na5 $11) ({Predecessor:} 11... cxd4 12. exd4 Be7 13. b3 O-O 14. Bb2 Nd5 15. Nfe5 Nxe5 16. dxe5 Rc8 17. Qh5 g6 {0-1 Matveeva,O (2111)-Manukian,A (2196) Speed Chess Q2 blitz 2022 (9)}) 12. a5 $14 Be7 13. dxc5 Bxc5 14. b3 O-O 15. Bb2 Qxd1 16. Rexd1 Rfd8 17. Rdc1 Ne4 18. Ne1 Ne7 {[%emt 0:07:51] [#]} (18... Rc7 $11 {keeps the balance.}) 19. Bd3 (19. Nd3 $1 $16) 19... Nc3 20. Bxc3 bxc3 21. Be2 Nd5 $1 22. Bf3 Rc7 23. Kf1 Bc6 24. e4 (24. Be2 $15 {deserves consideration.}) 24... Nb4 (24... Nf6 $17 25. Rxc3 Nxe4) 25. Rxc3 $11 Bb5 {[%emt 0:03:08] This pair of bishops is nice.} 26. Be2 Rcd7 {[%emt 0:02:54] Hoping for ...Bd4.} 27. Nf3 Nc6 28. Rc2 {[%emt 0:06:59] And now Ne3 would win.} (28. Rcc1 $5 ) 28... g5 29. Ne3 $16 {[%emt 0:02:32] White leaves nothing to chance now.} Bxe2+ 30. Kxe2 Bxe3 31. Rxc6 Bf4 (31... Ba7 {keeps fighting.}) 32. g3 $18 (32. Rxa6 g4 $11) 32... g4 (32... Bb8 $142 33. h3 (33. Nxg5 Rd2+ 34. Kf1 Be5 $18) (33. Rxa6 g4 $16) 33... h5 34. Rxa6 (34. Nxg5 Rd2+ 35. Kf1 Ba7 $11) 34... g4) 33. gxf4 gxf3+ 34. Kxf3 {[%emt 0:00:03][%mdl 4096] Endgame KRR-KRR} Rd3+ 35. Kg2 Rxb3 36. Rxa6 Rd2 37. Rb6 Rc3 (37... Rxb6 38. axb6 Rb2 39. Ra8+ Kg7) 38. a6 {[%emt 0:00:38] [#] White threatens a7 and mate.} Rcc2 39. a7 Rxf2+ 40. Kg3 Rg2+ 41. Kf3 Kg7 42. Rb3 ({Stronger than} 42. a8=R Rgf2+ 43. Kg3 Rg2+ 44. Kh4 Rxh2+ 45. Kg3 Rhg2+ 46. Kf3 Rgf2+ 47. Kg4 Rg2+ 48. Kh5 Rh2+ 49. Kg4 Rhg2+ 50. Kh5 Rh2+ 51. Kg4 Rhg2+ $11) 42... Rgf2+ 43. Ke3 {[%emt 0:00:00] Rg1+ would kill now.} Rxh2 44. a8=Q {[%emt 0:00:00] White mates.} ({And not} 44. a8=R Rh3+ 45. Kd4 Rxb3 $11) 44... Rh3+ 45. Kd4 Rxb3 46. Rg1+ Kh6 47. Qf8+ {[%emt 0:00:00] Weighted Error Value: White=0.18 (very precise) /Black=0.45} 1-0

[Event "Israeli Team-ch 2023"]
[Site "Petah Tikva"]
[Date "2023.01.13"]
[Round "2.5"]
[White "Steiner-Prozhanski, Giora"]
[Black "Steinberg, Nitzan"]
[Result "0-1"]
[ECO "D45"]
[WhiteElo "2254"]
[BlackElo "2537"]
[Annotator "TA"]
[PlyCount "60"]
[EventDate "2023.01.13"]
[EventCountry "ISR"]
[SourceTitle "playchess.com"]
[Source "ChessBase"]
[SourceQuality "1"]
[TimeControl "40/5400+30:1800+30"]

1. d4 d5 2. c4 c6 3. Nc3 Nf6 4. e3 e6 5. Nf3 Nbd7 6. Qc2 Bd6 7. b3 O-O 8. Be2 Qe7 9. O-O Re8 10. Bb2 b6 11. Rad1 Bb7 12. e4 dxe4 13. Nxe4 Nxe4 14. Qxe4 Nf8 {[%emt 0:00:17][%cal Bd7f8,Bf8g6,Bg6f4][%mdl 32] D45: Semi-Slav: 5 e3.} 15. Qe3 Rad8 {[%emt 0:10:27] [#]} 16. a3 $146 ({Predecessor:} 16. Rd3 c5 17. Rfd1 cxd4 18. Nxd4 Qh4 19. g3 Qe4 20. Bf3 Qxe3 21. fxe3 Bxf3 22. Nxf3 {½-½ Vechet,S (2166)-Muratidis,N (2163) CZE-chT1E 1516 2015 (5.6)}) 16... Ng6 {[%emt 0:06:54] Black is slightly better.} 17. Rfe1 c5 18. dxc5 bxc5 19. Qc3 (19. Bd3 $11 {keeps the balance.}) 19... e5 $17 20. Nd2 f5 {[%emt 0:04:15] Inhibits Bg4. Threatens to win with ...e4.} (20... Qg5 $6 21. Bf3 Bxf3 22. Qxf3 $11 (22. Nxf3 Qf5 $15)) 21. Nf1 $2 {[%emt 0:09:03] White does not recover from this.} (21. Bh5 $1 $15) 21... Nf4 $19 ({Weaker is} 21... Qg5 22. Bf3 Bxf3 23. Qxf3 $15) 22. Bf3 e4 {[%emt 0:12:01] White must now prevent ...Qg5.} 23. Ng3 Qg5 24. h4 Qg6 (24... Qxh4 $2 25. Qxg7#) 25. h5 Qg5 26. Rxd6 Rxd6 {[%emt 0:00:18] Black is clearly winning.} 27. Bc1 (27. Nxf5 $142 Rde6 28. Qxg7+ Qxg7 29. Nxg7 exf3 30. Nxe6 fxg2 31. Kh2) 27... Ree6 28. Bd1 {[%emt 0:01:09] [#]} e3 $1 29. Bxe3 {[%emt 0:00:32] [#]} Rxd1 {[%emt 0:00:12][%mdl 576] Remove Defender} 30. Rxd1 {[%emt 0:00:33] [#]} Ne2+ $1 {[%emt 0:00:05][%mdl 576] Double Attack.   Weighted Error Value: White=0.62/Black=0.16 (very precise)} 0-1

[Event "Israeli Team-ch 2023"]
[Site "Petah Tikva"]
[Date "2023.01.13"]
[Round "2.6"]
[White "Kobo, Ori"]
[Black "Poleg, Dan"]
[Result "1-0"]
[ECO "C60"]
[WhiteElo "2546"]
[BlackElo "2193"]
[Annotator "TA"]
[PlyCount "59"]
[EventDate "2023.01.13"]
[EventCountry "ISR"]
[SourceTitle "playchess.com"]
[Source "ChessBase"]
[SourceQuality "1"]
[TimeControl "40/5400+30:1800+30"]

1. e4 e5 2. Nf3 Nc6 3. Bb5 g6 4. c3 Bg7 5. d4 exd4 6. cxd4 {[%emt 0:00:07] C60: Ruy Lopez: Unusual Black 3rd moves and 3...g6.} a6 7. Bc4 b5 8. Be2 {[%emt 0:00:06] White has an edge.} d5 9. e5 {[%emt 0:00:42] [#]} h6 $146 (9... f6 $11) ({Predecessor:} 9... Nge7 10. Nbd2 O-O 11. Nb3 f6 12. exf6 Bxf6 13. O-O Nf5 14. Bf4 g5 15. Rc1 gxf4 16. Rxc6 {½-½ Shyam,N (2457)-Ter Sahakyan,S (2632) Abu Dhabi op 26th 2019 (5)}) 10. a4 b4 11. Nbd2 Nge7 12. a5 (12. Nb3 $16) 12... O-O $14 13. Nb3 f6 14. exf6 Rxf6 15. O-O Qd6 {[%emt 0:02:33] Repels Ne5} 16. Bd2 Rf7 17. Rc1 g5 18. h3 Nf5 19. Be3 (19. Re1 $5 ) 19... Nxe3 (19... Bd7 $14) 20. fxe3 $16 Ne7 21. Nc5 (21. Qe1 $14) 21... Nf5 (21... Bxh3 $5 22. Ne5 (22. gxh3 Qg3+ 23. Kh1 Nf5 $15) 22... Bxe5 23. dxe5 Qxe5 24. Rxf7 (24. gxh3 $2 Qg3+ 25. Kh1 Qxh3+ 26. Kg1 Qxe3+ 27. Kh2 Qe5+ 28. Kh3 Rxf1 $19) 24... Kxf7 $11) 22. e4 (22. Qd2 {simplifies} Re7 23. Ne5 Bxe5 24. dxe5 Qxe5 25. Bf3) 22... Ne3 {[%emt 0:01:38][%csl LRd1,LRf1][%mdl 64] [#] Hoping for ...Qg3. Deflection} 23. Qb3 $2 (23. e5 $1 $11 {and White stays safe.} Nxd1 24. exd6 Nxb2 25. dxc7 Rxc7 26. Ne5 Bxe5 27. dxe5) 23... Nxf1 $2 (23... Qf4 $19 24. Rf2 Bxh3) 24. e5 $11 {[%emt 0:00:07] The board is on fire.} Qd8 {[%emt 0:16:36] ...Ng3 is the strong threat.} 25. Rxf1 g4 26. e6 {[%emt 0:03:01] [#]} (26. hxg4 $11 Bf8 27. Qa4) 26... Rxf3 ({Better is} 26... Bxe6 $1 $17 27. Nxe6 Qd6 28. Nxg7 (28. hxg4 $2 {is the wrong capture.} Qxe6 29. Bd3 Bxd4+ 30. Kh1 Bc5 $19) 28... gxf3 29. Bxf3 Kxg7) 27. Bxf3 c6 $2 {[%emt 0:04:15][%mdl 8192] Black is weak on the light squares} (27... gxf3 $11 28. Qxf3 Qe8) 28. Bxg4 $18 {[%emt 0:03:28] White is clearly winning.} Bxd4+ 29. Kh1 {[%emt 0:00:32][%cal Ob3d3] aiming for Qd3!} Bxc5 30. Qc2 {[%emt 0:01:05] Weighted Error Value: White=0.37/Black=0.58} 1-0

[Event "Israeli Team-ch 2023"]
[Site "Petah Tikva"]
[Date "2023.01.13"]
[Round "2.7"]
[White "Dvoirys, Semen I."]
[Black "Sutovsky, Emil"]
[Result "1-0"]
[ECO "B66"]
[WhiteElo "2465"]
[BlackElo "2615"]
[Annotator "TA"]
[PlyCount "97"]
[EventDate "2023.01.13"]
[EventCountry "ISR"]
[SourceTitle "playchess.com"]
[Source "ChessBase"]
[SourceQuality "1"]
[TimeControl "40/5400+30:1800+30"]

1. e4 c5 2. Nf3 d6 3. d4 cxd4 4. Nxd4 Nf6 5. Nc3 Nc6 6. Bg5 e6 7. Qd2 a6 8. O-O-O Be7 9. Bxf6 Bxf6 {[%emt 0:01:25] B66: Sicilian: Richter-Rauzer: 7...a6 8 0-0-0 h6.} (9... gxf6 $14 10. Be2 Qb6) 10. Nxc6 $16 {[%emt 0:00:18][%mdl 64] Discovered Attack} bxc6 11. Qxd6 Qxd6 {[%emt 0:06:36] White is better.} 12. Rxd6 {[%emt 0:00:05] [#]} c5 $146 {[%emt 0:00:20] Black is weak on the light squares} ({Predecessor:} 12... Bd7 13. Ne2 Rb8 14. c3 a5 15. Nd4 c5 16. Nc6 Rc8 17. Nxa5 Ra8 18. Nc4 Be7 {1-0 Costabile,A (1071)-Vachtsevanos,G GRE-ch Online Blitz op 1st 2021 (7)}) 13. Na4 {[%emt 0:10:44] White is more active.} Ke7 14. Rc6 {[%emt 0:11:47] Rc7+ would be deadly.} Rd8 {[%emt 0:38:01] [#] Black is on the road to losing.} (14... Bd7 $14 15. Rc7 Kd6 16. Rxd7+ Kxd7) 15. Rc7+ $1 (15. Nxc5 $2 Bg5+ 16. f4 Bxf4+ 17. Kb1 Rd1#) (15. Rxc5 $6 Bd4 $11) 15... Ke8 {[%emt 0:20:58] ( -> ...Bg5+)} 16. Bd3 (16. Nxc5 $2 Bg5+ 17. f4 Bxf4+ 18. Kb1 Rd1#) (16. Rxc5 Bd4 $14) 16... Be5 17. Rxc5 Bd4 18. Rh5 h6 19. Rf1 e5 (19... Ke7 $16 20. Ra5 Rb8) 20. c3 $18 Bg4 21. Rh4 h5 (21... Bd7 $142) 22. cxd4 Rxd4 23. Bc2 g5 {[%emt 0:00:15] [#]} 24. Rxg4 hxg4 25. Nc3 Rc8 26. Re1 Rc6 27. Bd1 Rh6 28. Rh1 (28. Bxg4 Rxh2 29. Rg1 Rh6) 28... Rf6 29. Rf1 ({Resist} 29. Bxg4 $6 Rxf2 30. Bf3 g4 $18) 29... Rh6 30. Bxg4 Rxh2 31. Bh3 g4 32. Bxg4 {[%emt 0:00:07] Hoping for Bh3.} Rxg2 33. Be2 a5 34. f3 Kf8 35. f4 exf4 36. Rxf4 Rg5 37. Kc2 Ke7 38. Rh4 f5 39. Rh7+ Kf6 40. exf5 ({Weaker is} 40. Nd5+ Ke5 41. Ra7 (41. Re7+ Kd6 $16) 41... fxe4 $18) 40... Rxf5 41. Ra7 Rb4 42. a3 Rb6 (42... Rh4 {was worth a try.} 43. Kb3 Ke6) 43. Ne4+ {[%emt 0:00:00] White is clearly winning.} Kg6 44. Bd3 {[%emt 0:00:00] Ng3 is the strong threat.} Kh6 45. Nd2 Rc5+ 46. Nc4 Rbb5 47. Kc3 Rd5 48. a4 Rbc5 49. Be4 {[%emt 0:00:00] Weighted Error Value: White=0.03 (flawless) /Black=0.29 (precise)} 1-0

[Event "Israeli Team-ch 2023"]
[Site "Petah Tikva"]
[Date "2023.01.13"]
[Round "2.8"]
[White "Smirin, Ilia"]
[Black "Greenfeld, Alon"]
[Result "1-0"]
[ECO "B63"]
[WhiteElo "2596"]
[BlackElo "2460"]
[Annotator "TA"]
[PlyCount "83"]
[EventDate "2023.01.13"]
[EventCountry "ISR"]
[SourceTitle "playchess.com"]
[Source "ChessBase"]
[SourceQuality "1"]
[TimeControl "40/5400+30:1800+30"]

1. e4 c5 2. Nf3 d6 3. d4 cxd4 4. Nxd4 Nf6 5. Nc3 Nc6 6. Bg5 e6 7. Qd2 a6 8. O-O-O Be7 9. f3 Nxd4 10. Qxd4 O-O 11. h4 b5 12. Kb1 Bb7 13. Qd2 {[%emt 0:03:06] 13.g4 is more fashionable. B63: Sicilian: Richter-Rauzer: 7...Be7 and unusual Black 7th moves.} Rc8 14. Bd3 Nd7 15. Ne2 {[%emt 0:04:38] The position is equal.} Ne5 {[%emt 0:06:44] [#]} 16. Qe3 $146 ({Predecessor:} 16. Rhe1 Qc7 17. Nd4 Rfd8 18. f4 Nc4 19. Bxc4 bxc4 20. Qc3 h6 21. Bxe7 Qxe7 22. g4 Qxh4 {0-1 Nabaty,T (2584)-Durarbayli,V (2515) Wch U20 50th 2011 (8)}) 16... Re8 17. Bxe7 Qxe7 18. Nf4 Rc5 19. Be2 Rec8 20. Rd2 Qc7 21. Rc1 Nc4 22. Bxc4 Rxc4 23. Ne2 d5 24. e5 Rxh4 25. Nd4 Rf8 26. f4 Bc8 27. Rd3 Bd7 28. Qf2 Rh6 29. Nf3 f6 ({Better is} 29... a5 $15) 30. Rc3 $11 Qb8 31. Qd4 Rg6 32. exf6 gxf6 33. f5 Rxg2 34. fxe6 Bxe6 35. Rc6 {[%emt 0:00:15][%csl LRa6,LRe6] Inhibits Qd6.} Rg4 36. Rg1 Rxg1+ 37. Qxg1+ Kf7 38. Rxa6 {[%emt 0:00:25] [#] Strongly threatening Ra7+.} d4 39. Nxd4 $16 {[%emt 0:02:12] White is more active.} ({Not} 39. Qxd4 Rd8 40. Qg1 Qg3 41. Ra7+ (41. Qxg3 $2 Rd1#) (41. Qh1 Qh3 $17) 41... Ke8 $17) 39... Rg8 $2 (39... Bd7 $16) 40. Qh1 $18 Bc8 41. Qxh7+ Rg7 42. Qh5+ {[%emt 0:00:15] Weighted Error Value: White=0.04 (flawless) /Black=0.38} 1-0

[Event "Israeli Team-ch 2023"]
[Site "Petah Tikva"]
[Date "2023.01.13"]
[Round "2.9"]
[White "Vydeslaver, Alik"]
[Black "Alekseev, Evgeny"]
[Result "1/2-1/2"]
[ECO "B40"]
[WhiteElo "2385"]
[BlackElo "2575"]
[Annotator "TA"]
[PlyCount "61"]
[EventDate "2023.01.13"]
[EventCountry "ISR"]
[SourceTitle "playchess.com"]
[Source "ChessBase"]
[SourceQuality "1"]
[TimeControl "40/5400+30:1800+30"]

1. e4 c5 2. Nf3 e6 3. Nc3 a6 4. g3 Nc6 5. Bg2 b5 6. O-O {[%emt 0:00:32] B40: Sicilian: 2...e6, Unusual lines.} Bb7 7. d4 cxd4 8. Nxd4 Nxd4 9. Qxd4 Ne7 10. b3 (10. a4 $5 ) 10... Nc6 {[%emt 0:05:26] The position is equal.} 11. Qe3 d6 12. Bb2 Be7 {[%emt 0:02:00] [#]} 13. Rfd1 $146 ({Predecessor:} 13. Ne2 O-O 14. Rfd1 Qc7 15. Rac1 Rfc8 16. h4 Ne5 17. Nd4 Qc5 18. Qe2 Bf6 19. Kh2 {0-1 Rodi,L (2357)-Lima,D (2502) Joao Pessoa 2009 (5)}) 13... O-O 14. e5 d5 15. Ne4 Qc7 16. Nd6 Rab8 17. a4 b4 18. Nxb7 Qxb7 19. Bf1 Rfc8 20. Rac1 Bd8 21. h4 Bb6 22. Qf4 a5 23. Bb5 Qe7 24. Rd2 Rc7 25. Re1 Nd8 26. Kg2 Nb7 27. f3 Nc5 28. Ree2 Rbc8 29. Qg4 Rb8 30. Qf4 Rbc8 31. Qg4 {[%emt 0:00:05] Weighted Error Value: White=0.04 (flawless) /Black=0.02 (flawless)} 1/2-1/2